 Dungeon Crawl Stone Soup version 0.26-a0-366-gd6aadd2 (webtiles) character file.

Game seed: 7648068123064899532

65 MrTaco21 the Cudgeler (level 4, -4/28 HPs)
             Began as a Gargoyle Fighter on July 19, 2020.
             Was an Initiate of Gozag.
             Killed from afar by Natasha (7 damage)
             ... with a magic dart
             ... on level 1 of the Dungeon.
             The game lasted 00:03:08 (987 turns).

MrTaco21 the Cudgeler (Gargoyle Fighter)             Turns: 987, Time: 00:03:09

Health: -4/28      AC: 10    Str: 20    XL:     4   Next: 14%
Magic:  4/4        EV:  7    Int:  9    God:    Gozag
Gold:   80         SH:  9    Dex:  9    Spells: 3/3 levels left

rFire    . . .     SeeInvis .   a - +0 flail
rCold    . . .     Faith    .   c - +0 kite shield
rNeg     + . .     Spirit   .   b - +0 scale mail
rPois    ∞         Reflect  .   (no helmet)
rElec    +         Harm     .   (no cloak)
rCorr    .                      (no gloves)
MR       .....                  (no boots)
Stlth    ..........             (no amulet)
HPRegen  0.09/turn              (no ring)
MPRegen  0.09/turn              (no ring)

@: no status effects
A: negative energy resistance 1, electricity resistance, unbreathing,
petrification resistance, rot immunity, AC +3
a: Potion Petition, Call Merchant, Bribe Branch, Renounce Religion


You were on level 1 of the Dungeon.
You worshipped Gozag.
Gozag was noncommittal.
You visited 1 branch of the dungeon, and saw 2 of its levels.

You collected 118 gold pieces.
You paid 38 gold pieces to Gozag.

Inventory:

Hand Weapons
 a - a +0 flail (weapon)
Missiles
 j - 16 poisoned darts (quivered)
Armour
 b - a +0 scale mail (worn)
 c - a +0 kite shield (worn)
 m - a cursed +0 plate armour
   (You found it on level 2 of the Dungeon)
Scrolls
 e - a scroll of fear {unknown}
 f - a scroll of immolation {unknown}
 g - a scroll of identify {unknown}
 h - a scroll of blinking {unknown}
 i - a scroll of enchant weapon {unknown}
 k - a scroll of magic mapping {unknown}
 l - a scroll of amnesia {unknown}
Potions
 d - a potion of might


   Skills:
 - Level 3.2 Fighting
 + Level 4.3 Maces & Flails
 - Level 3.2 Armour
 - Level 3.2 Shields


You had 3 spell levels left.
You didn't know any spells.
Your spell library was empty.

Dungeon Overview and Level Annotations

Branches:
Dungeon (2/15)

Altars:
Gozag

Shops:
D:2 *

Annotations:
D:1 Natasha


Innate Abilities, Weirdness & Mutations

You are resistant to torment.
Your stone body is resilient. (AC +3)
You are immune to poison.
You resist negative energy. (rN+)
You are resistant to electric shocks. (rElec)
You can survive without breathing.
You are immune to petrification.
You are immune to rotting.


Message History

The magic dart hits you.
* * * LOW HITPOINT WARNING * * *
You closely miss Natasha.
Natasha stares at you and mumbles some strange words.
The magic dart hits you!
* * * LOW HITPOINT WARNING * * *
You sock Natasha!
You kill Natasha!
You hear a faint echoing roar filled with hate and sorrow!
The shadow imp disappears in a puff of smoke!
Your Maces & Flails skill increases to level 4!
You have reached level 4!
You feel clever.
You now have 80 gold pieces (gained 8).
l - a scroll labeled GATWOCRE ALLY You see here a shiny plate armour.
m - a shiny plate armour You start resting.
Natasha, Servant of Life and Death comes into view.
She is carrying a wand of flame (16).
Natasha hisses angrily.
Natasha zaps a wand.
The puff of flame hits you but does no damage.
Natasha zaps a wand.
The puff of flame hits you.
Natasha stares at you and mumbles some strange words.
The magic dart hits you but does no damage.
There is a stone staircase leading up here.
You block Natasha's attack.
You climb upwards.
There is a stone staircase leading down here.
You completely miss Natasha. Natasha claws you but does no damage.
You thump Natasha! Natasha claws you but does no damage.
You hit Natasha. Natasha closely misses you. You block Natasha's attack.
You hit Natasha. You block Natasha's attack.
You closely miss Natasha.
Natasha zaps a wand.
The puff of flame hits you.
You barely miss Natasha.
Natasha zaps a wand.
The puff of flame hits you.
* * * LOW HITPOINT WARNING * * *
Natasha stares at you and mumbles some strange words.
The magic dart hits you!
* * * LOW HITPOINT WARNING * * *
Unknown command.
You hit Natasha but do no damage. Natasha casts a spell at you.
The magic dart hits you!
You die...
Your body crumbles into a pile of gold.

####### ##.### #.....# ###.....
#.....# ##...####
#.....############ ######.†### #
#...>............###...#..##
#.....##.................##
#.....##.........#.......#
......###...)....h.......########
................@................
......##........###...........###
......#†.........#.......###...#
.##............#..........#....##
....#..........###........#.#####
.#####......................###..
.# #.........#####.......#....#
.### #..........####.........####
...# ##...................(....##


You could see Natasha.

Vanquished Creatures
  Natasha (D:2)
  An adder (D:2)
  An ooze (D:1)
  2 dart slugs
  4 goblins
  2 hobgoblins (D:1)
  4 jackals (D:2)
  A quokka (D:2)
  2 bats
  A frilled lizard (D:1)
  2 kobolds (D:1)
  4 rats (D:1)
25 creatures vanquished.

Notes
Turn   | Place    | Note
-------+----------+-------------------------------------------
     0 | D:1      | MrTaco21 the Gargoyle Fighter began the quest for the Orb.
     0 | D:1      | Reached XP level 1. HP: 14/14 MP: 1/1
   206 | D:1      | Reached XP level 2. HP: 19/19 MP: 2/2
   249 | D:1      | Reached skill level 3 in Maces & Flails
   485 | D:2      | Reached XP level 3. HP: 20/23 MP: 3/3
   561 | D:2      | Found an opulent altar of Gozag.
   561 | D:2      | Found Gozag's Platinum Reserve.
   584 | D:2      | Became a worshipper of Gozag Ym Sagoz the Greedy
   704 | D:2      | Noticed Natasha
   717 | D:2      | HP: 1/23 [Natasha/magic dart (8)]
   718 | D:2      | Killed Natasha
   718 | D:2      | Reached skill level 4 in Maces & Flails
   718 | D:2      | Reached XP level 4. HP: 2/28 MP: 4/4
   961 | D:2      | Noticed Natasha
   987 | D:1      | Killed from afar by Natasha

Illustrated notes

Levels and vault maps discovered:
D:1:      dpeg_arrival_solitude, layout_rooms
D:2:      layout_loops_ring, nicolae_gozag_zags_fifth_avenue, uniq_robin,
          uniq_sigmund, uniq_natasha

Skill      XL: |  1  2  3 |
---------------+----------+-----
Maces & Flails | 3 4 |  4.3
Fighting       | |  3.2
Armour         | |  3.2
Shields        | |  3.2

Action                   |  1- 3 |  4- 6 || total
-------------------------+-------+-------++-------
Melee: Flail             |    91 |     7 ||    98
Armor: Scale mail        |    48 |     4 ||    52
Dodge: Dodged            |    32 |     1 ||    33
Block: Kite shield       |    40 |     3 ||    43

Table legend: (Time is in decaauts)
 A = Elapsed time spent in this place.
 B = Non-inter-level travel time spent in this place.
 C = Inter-level travel time spent in this place.
 D = Time resting spent in this place.
 E = Time spent auto-exploring this place.
 F = Levels seen in this place.
 G = Mean time per level.
                   A        B        C        D        E       F      G
               +--------+--------+--------+--------+--------+-----+--------+
         Total |   1018 |    991 |     27 |    229 |    513 |   2 |  509.0 |
       Dungeon |   1018 |    991 |     27 |    229 |    513 |   2 |  509.0 |
               +--------+--------+--------+--------+--------+-----+--------+
